 Dungeon Crawl Stone Soup version 0.18.1-48-g4cf74bf (webtiles) character file.

4097 mclane14 the Blocker (level 10, -4/87 (88) HPs)
             Began as a Minotaur Berserker on Aug 2, 2016.
             Was a High Priest of Trog.
             Splashed by Erica's acid (13 damage)
             ... on level 8 of the Dungeon on Aug 3, 2016.
             The game lasted 01:32:10 (9113 turns).

mclane14 the Blocker (Minotaur Berserker)           Turns: 9113, Time: 01:32:11

HP:   -4/87 (88)    AC:  6    Str: 22    XL:     10   Next: 5%
MP:   9/9           EV:  8    Int:  4    God:    Trog [*****.]
Gold: 312           SH: 18    Dex: 13    Spells: 0 memorised, 9 levels left

rFire  . . .     SeeInvis .     y - +0 hand axe (flame)
rCold  + . .     Gourm    .     z - +2 chain mail {rC+}
rNeg   . . .     Faith    .     e - +0 large shield
rPois  .         Spirit   .     (helmet restricted)
rElec  .         Dismiss  .     w - +1 cloak
rCorr  .         Reflect  .     (no gloves)
SustAt .         Harm     .     (no boots)
MR     .....                    (no amulet)
Stlth  ..........               (no ring)
                                (no ring)

@: corroded, not resistant to hostile enchantments, extremely unstealthy
A: retaliatory headbutt, horns 2
a: Berserk, Trog's Hand, Brothers in Arms, Burn Spellbooks, Renounce Religion


You were on level 8 of the Dungeon.
You worshipped Trog.
Trog was extremely pleased with you.
You were not hungry.

You visited 1 branch of the dungeon, and saw 8 of its levels.

You collected 361 gold pieces.
You spent 49 gold pieces at shops.

Inventory:

Hand Weapons
 a - a +1 hand axe
 x - a +0 war axe
 y - a +0 hand axe of flaming (weapon)
Armour
 e - a +0 large shield (worn)
 r - a +0 scale mail
 w - a +1 cloak (worn)
 z - a +2 chain mail of cold resistance (worn)
Jewellery
 C - an uncursed amulet of dismissal {unknown}
 E - an uncursed ring of resist corrosion {unknown}
 G - an uncursed ring of see invisible {unknown}
Wands
 k - a wand of polymorph (4/24)
 l - a wand of random effects (46/48)
 s - a wand of lightning (7/15)
Scrolls
 h - a scroll of identify
 m - a scroll of recharging
 t - a scroll of teleportation
 u - a scroll of fog
 A - 2 scrolls of magic mapping {unknown}
 F - a scroll of vulnerability {unknown}
Potions
 d - a potion of might
 f - a potion of mutation
 g - 3 potions of curing
 i - a potion of agility
 j - 2 potions of resistance
 n - a potion of cure mutation
 o - a potion of haste
 q - a potion of berserk rage
 v - 2 potions of flight
 D - a potion of heal wounds {unknown}
 H - a potion of brilliance {unknown}
Books
 p - a book of Debilitation

   Spells                             Type                      Level
   a - Corona                         Hexes                        1
   b - Slow                           Hexes                        2
   c - Gell's Gravitas                Hexes/Translocation          3
   d - Inner Flame                    Hexes/Fire                   3
   e - Cause Fear                     Hexes                        4
   f - Leda's Liquefaction            Hexes/Earth                  4
   Trog disapproves of the use of such an item.
 B - a Necronomicon

   Spells                             Type                      Level
   a - Haunt                          Necromancy/Summoning         7
   b - Borgnjor's Revivification      Necromancy                   8
   c - Death's Door                   Charms/Necromancy            8
   d - Necromutation                  Transmutation/Necromancy     8
   Trog disapproves of the use of such an item.
Comestibles
 b - 8 bread rations
 c - 2 slices of pizza


   Skills:
 + Level 7.6 Fighting
 + Level 7.5 Axes
 + Level 7.3 Armour
 + Level 6.0 Dodging
 + Level 1.5 Stealth
 * Level 10.9 Shields


You had 9 spell levels left.
You didn't know any spells.

Dungeon Overview and Level Annotations

Branches:
Dungeon (8/15)             Temple (0/1) D:7
   Lair: D:8-11

Altars:
Ashenzari
Cheibriados
Dithmenos
Elyvilon
Kikubaaqudgha
Okawaru

Shops:
D:6 (

Annotations:
D:6 Edmund
D:8 Erica


Innate Abilities, Weirdness & Mutations

You reflexively headbutt those who attack you in melee.
You have a pair of horns on your head.


Message History

An orb of energy appears from out of thin air!
The orb of energy misses you.
You start resting.
You feel less confused. Something hits you but does no damage.
You start resting.
Something hits you. Something burns you.
You barely miss something.
You hear a zap.
A bolt of acid appears from out of thin air!
The bolt of acid misses you.
You miss something. Something hits you.
* * * LOW HITPOINT WARNING * * *
Something burns you.
* * * LOW HITPOINT WARNING * * *
You hear a zap.
A bolt of acid appears from out of thin air!
The bolt of acid hits you!
* * * LOW HITPOINT WARNING * * *
The acid corrodes you!
The acid burns!
You die...

####.###........#####
................+....
#..#.#######....####. #
#..#.# ###'## #.
.#.##..#.# #.# #.
.......#:# #.# #.
#.....#.#########.#####.
#.....................##
#....##@#########.....#
#.......# #........#
######### #........#
#........# #........#
#.....#### #.....#
#.....# #######


There were no monsters in sight!

Vanquished Creatures
  Grinder (D:6)
  A two-headed ogre (D:8)
  A spriggan (D:7)
  A wyvern (D:8)
  Menkaure (D:6)
  An orc warrior (D:8)
  A sky beast (D:8)
  A black bear (D:8)
  4 ice beasts
  A necrophage (D:7)
  4 ogres
  A centaur (D:8)
  Blork the orc (D:5)
  A big kobold (D:7)
  5 giant frogs
  A wyvern zombie (D:6)
  4 scorpions
  6 killer bees (D:8)
  5 crimson imps
  2 centaur zombies
  A giant frog zombie (D:8)
  A centaur skeleton (D:4)
  A jelly (D:7)
  Crazy Yiuf (D:6)
  4 orc priests
  2 hounds
  Ijyb (D:3)
  An iguana (D:6)
  Natasha (thrice) (D:3)
  2 orc wizards
  6 worker ants
  A hound skeleton (D:4)
  A worker ant zombie (D:7)
  A howler monkey skeleton (D:5)
  3 gnolls (D:2)
  14 adders
  3 oozes
  2 adder zombies (D:6)
  An adder skeleton (D:4)
  A worm (D:3)
  5 dart slugs
  4 giant geckos
  15 orcs
  3 ball pythons
  8 giant cockroaches
  5 goblins
  9 hobgoblins
  6 jackals
  5 quokkas
  7 bats
  7 giant newts
  13 kobolds
  5 rats
185 creatures vanquished.

Notes
Turn   | Place    | Note
--------------------------------------------------------------
     0 | D:1      | mclane14 the Minotaur Berserker began the quest for the Orb.
     0 | D:1      | Reached XP level 1. HP: 19/19 MP: 0/0
   234 | D:1      | Reached XP level 2. HP: 16/27 MP: 1/1
   692 | D:1      | Reached XP level 3. HP: 16/33 MP: 2/2
  1286 | D:2      | Reached ** piety under Trog
  1767 | D:2      | Reached skill level 1 in Shields
  1767 | D:2      | Reached XP level 4. HP: 40/41 MP: 3/3
  1950 | D:2      | Reached skill level 2 in Shields
  2460 | D:3      | Reached skill level 5 in Fighting
  2460 | D:3      | Reached XP level 5. HP: 27/48 MP: 4/4
  2658 | D:3      | Noticed Ijyb
  2670 | D:3      | Killed Ijyb
  2670 | D:3      | Reached skill level 3 in Shields
  3304 | D:3      | Noticed Natasha
  3313 | D:3      | Killed Natasha
  3318 | D:3      | Reached *** piety under Trog
  3424 | D:3      | Noticed Natasha
  3435 | D:3      | Killed Natasha
  3435 | D:3      | Reached XP level 6. HP: 33/56 MP: 5/5
  3572 | D:3      | Noticed Natasha
  3578 | D:3      | Killed Natasha
  4535 | D:4      | Reached skill level 4 in Shields
  4553 | D:4      | Reached XP level 7. HP: 61/61 MP: 6/6
  5051 | D:5      | Entered Level 5 of the Dungeon
  5148 | D:5      | Noticed Blork the orc
  5162 | D:5      | Killed Blork the orc
  5162 | D:5      | Reached skill level 5 in Axes
  5162 | D:5      | Reached skill level 5 in Shields
  5422 | D:5      | Found an iron altar of Okawaru.
  5534 | D:5      | Reached skill level 6 in Shields
  5569 | D:5      | Reached XP level 8. HP: 70/70 MP: 7/7
  5606 | D:5      | Found a white marble altar of Elyvilon.
  5762 | D:6      | Reached skill level 1 in Stealth
  5814 | D:6      | Reached skill level 5 in Armour
  6146 | D:6      | Noticed Menkaure
  6154 | D:6      | Killed Menkaure
  6154 | D:6      | Reached skill level 5 in Dodging
  6167 | D:6      | Reached skill level 7 in Shields
  6198 | D:6      | Found a shadowy altar of Dithmenos.
  6347 | D:6      | Noticed Crazy Yiuf
  6355 | D:6      | Killed Crazy Yiuf
  6534 | D:6      | Noticed Grinder
  6545 | D:6      | Killed Grinder
  6812 | D:6      | Noticed Edmund
  7025 | D:6      | Reached skill level 8 in Shields
  7039 | D:6      | Found Sukeimn's Weapon Shop.
  7047 | D:6      | Bought a +0 war axe for 49 gold pieces
  7085 | D:6      | Reached XP level 9. HP: 78/78 MP: 8/8
  7282 | D:7      | Reached **** piety under Trog
  7409 | D:7      | Found a staircase to the Ecumenical Temple.
  7626 | D:7      | Reached skill level 9 in Shields
  7778 | D:7      | Found a snail-covered altar of Cheibriados.
  7778 | D:7      | Found an ancient bone altar of Kikubaaqudgha.
  7779 | D:7      | Found a shattered altar of Ashenzari.
  8358 | D:8      | Reached skill level 10 in Shields
  8648 | D:8      | Reached ***** piety under Trog
  8649 | D:8      | Reached XP level 10. HP: 47/85 MP: 9/9
  9099 | D:8      | Noticed Erica
  9113 | D:8      | Splashed by Erica's acid

Skill      XL: |  1  2  3  4  5  6  7  8  9 |
---------------+----------------------------+-----
Fighting       | 4 5 6 7 |  7.6
Axes           | 4 5 6 7 |  7.5
Armour         | 3 4 5 7 |  7.3
Shields        | 1 2 3 4 6 8 10 | 10.9
Dodging        | 3 4 5 6 |  6.0
Stealth        | 1 |  1.5

Action                   |  1- 3 |  4- 6 |  7- 9 | 10-12 || total
-------------------------+-------+-------+-------+-------++-------
Melee: Hand axe          |    87 |   132 |   368 |    19 ||   606
       Headbutt          |    13 |    30 |    81 |     4 ||   128
       War axe           |       |       |     9 |       ||     9
Invok: Berserk           |     2 |     5 |     6 |       ||    13
       Trog's Hand       |     1 |     5 |     3 |       ||     9
       Burn Spellbooks   |       |     2 |     1 |       ||     3
  Use: Scroll            |     3 |     2 |    16 |       ||    21
  Eat: Chunk             |     2 |     6 |     8 |     1 ||    17
       Bread ration      |     1 |     1 |     1 |       ||     3
       Royal jelly       |       |     1 |       |       ||     1
       Pizza             |       |       |     1 |     1 ||     2
       Beef jerky        |       |       |     1 |       ||     1
       Meat ration       |       |       |     1 |       ||     1
Armor: Leather armour    |    18 |    12 |       |       ||    30
       Scale mail        |       |     6 |    40 |       ||    46
       Chain mail        |       |       |    38 |     3 ||    41
Dodge: Dodged            |    53 |    24 |    77 |     3 ||   157
Block: Large shield      |     9 |    76 |   275 |    15 ||   375
